 Dungeon Crawl Stone Soup version 0.30-a0-719-gcc4359ea44 (webtiles) character file.

Game seed: 15190789999992653897

9 kae the Insei (level 2, -1/31 HPs)
             Began as a Demonspawn Transmuter on Jan 26, 2023.
             Succumbed to a goblin's poison
             ... on level 1 of the Dungeon.
             The game lasted 00:00:11 (123 turns).

kae the Insei (Demonspawn Transmuter)                Turns: 123, Time: 00:00:12

Health: -1/31      AC: 21    Str: 10    XL:     2   Next: 3%
Magic:  3/5        EV:  2    Int: 14    God:
Gold:   0          SH:  0    Dex: 13    Spells: 4/5 levels left

rFire   . . .      SeeInvis .      - Unarmed
rCold   . . .      Faith    .    (no shield)
rNeg    . . .      Spirit   .    (body armour currently unavailable)
rPois   +          Reflect  .    (helmet currently unavailable)
rElec   .          Harm     .    (cloak currently unavailable)
rCorr   .          Rampage  .    (gloves currently unavailable)
Will    .....      NoTele   +    (boots currently unavailable)
Stlth   +                        (no amulet)
HPRegen 0.25/turn                (no ring)
MPRegen 0.09/turn                (no ring)

@: lethally poisoned (-1 -> -13), tree-form
A: stationary, stasis, torment immunity, boosted hp, (large bone plates 1)
a: no special abilities


You were on level 1 of the Dungeon.
You were a tree.
You visited 1 branch of the dungeon, and saw 1 of its levels.


Innate Abilities, Weirdness & Mutations

You are a tree.
Your roots penetrate the ground, keeping you stationary.
You cannot be teleported.
You are immune to unholy pain and torment.
Your maximum health is greatly increased.
Your equipment is partially melded.
((You are partially covered in large bone plates. (SH +4)))


   Skills:
 - Level 1.0 Fighting
 - Level 1.7 Dodging
 + Level 2.8 Unarmed Combat
 + Level 2.1 Spellcasting
 * Level 2.1 Transmutations


You had 4 spell levels left.
You knew the following spells:

 Your Spells              Type           Power      Damage    Failure   Level
a - Beastly Appendage     Tmut           14%        N/A       10%         1

Your spell library contained the following spells:

 Spells                   Type           Power      Damage    Failure   Level
 Wereblood                Tmut           7%         N/A       14%         2
 Spider Form              Tmut/Pois      4%         N/A       41%         3
 Ice Form                 Ice/Tmut       4%         N/A       83%         4

Inventory:

Missiles
 c - 2 stones
Armour
 a - a +0 robe (melded)
Potions
 b - a potion of lignification {!q}

Dungeon Overview and Level Annotations

Branches:
Dungeon (1/15) Zot: 5878

Altars:

####8##### #.. .#
######### ###.# .#
...# .## #..# ..#
#..# ##.#
#..####)##
########........#
#.........##.###.#
#####.######.###♣#
## ......# #.# #g#
####### #.###.#
#.#...## #......#
#.g....#
.........#
..........##
##.......#.


You could see a goblin.


Message History

You kill the kobold!
Your Transmutations skill increases to level 2! 😕 HP[-2]
You take 2 damage, and now have 13/15 hp.
No target in view!
No target in view!
Your transformation is almost over.
c - 2 stones You see here a +0 whip.
A giant cockroach comes into view.
Your horns disappear.
Your talons disappear. 😎 HP[+2] MP[+1]
Your hp is fully restored (15).
Your mp is fully restored (3).
A giant cockroach is nearby!
Unknown command.
A giant cockroach is nearby!
A giant cockroach is nearby!
A goblin comes into view. It is wielding a +0 club.
The goblin shouts!
A goblin comes into view. It is wielding a +0 club.
Casting: Beastly Appendage (safe; 11% risk of failure)
Confirm with . or Enter, or press ? or * to list all spells.
You grow a pair of large bovine horns.
Your feet morph into talons.
The giant cockroach closely misses you.
The giant cockroach closely misses you. 😎 MP[-1]
You lost 1 mp, and now have 2/3 mp.
You barely miss the giant cockroach. You headbutt the giant cockroach.
The giant cockroach barely misses you.
You hit the giant cockroach but do no damage.
Your transformation is almost over.
A kobold comes into view. It is wielding a +0 short sword.
The giant cockroach bites you but does no damage.
You hit the giant cockroach.
You kill the giant cockroach!
You hit the goblin but do no damage. Your headbutt misses the goblin.
The goblin closely misses you.
You closely miss the goblin. Your kick misses the goblin.
A goblin comes into view. It is wielding a +2 dagger of venom.
The goblin barely misses you.
You closely miss the goblin.
The goblin shouts!
The goblin hits you with a +0 club. 😕 HP[-2]
You take 2 damage, and now have 13/15 hp.
You closely miss the goblin. You headbutt the goblin.
You kill the goblin!
The goblin hits you with a +0 club.
You hit the goblin. Your kick misses the goblin.
The goblin hits you with a +0 club.
* * * LOW HITPOINT WARNING * * *
😨 HP[-6]
You take 6 damage, and now have 7/15 hp.
MASSIVE DAMAGE!! (PAUSE)
The kobold attacks as you move away! The kobold closely misses you.
Your horns disappear.
Your talons disappear. 😨 MP[+1]
Your mp is fully restored (3). 😮 HP[+1]
You hit the kobold. The kobold hits you but does no damage.
You hit the kobold.
You kill the kobold!
You barely miss the goblin. The goblin hits you with a +0 club.
* * * LOW HITPOINT WARNING * * *
😨 HP[-1]
You take 1 damage, and now have 7/15 hp.
Casting: Beastly Appendage (safe; 10% risk of failure)
Confirm with . or Enter, or press ? or * to list all spells.
You grow a pair of large bovine horns.
Your feet morph into talons.
Your transformation is almost over.
The goblin hits you but does no damage. The goblin barely misses you.
You barely miss the goblin. You claw the goblin, but do no damage.
The goblin hits you with a +0 club.
* * * LOW HITPOINT WARNING * * *
😨 HP[-3] MP[-1]
You take 3 damage, and now have 4/15 hp.
You lost 1 mp, and now have 2/3 mp.
Unknown command.
You hit the goblin.
You kill the goblin!
You have reached level 2!
Your demonic ancestry asserts itself...
Large bone plates grow over parts of your arms. 😨 HP[+2] MP[+1]
You now have 21 max hp (+6).
You regained 2 hp, and now have 6/21 hp.
You closely miss the goblin.
The goblin hits you with a +2 dagger of venom.
* * * LOW HITPOINT WARNING * * *
You are lethally poisoned! 😱 HP[-5]
You take 5 damage, and now have 1/21 hp.
MASSIVE DAMAGE!! (PAUSE) Really quaff
b - 2 potions of lignification {!q}?
Really quaff the potion of lignification?
Your horns disappear.
Your talons disappear.
You turn into a tree.
Your +0 robe melds into your body.
Your roots penetrate the ground.
You die...

Skill      XL: |  1 |
---------------+----+-----
Transmutations | 2 |  2.1
Fighting       | |  1.0
Dodging        | |  1.7
Unarmed Combat | |  2.8
Spellcasting   | |  2.1

Action                     || total
---------------------------++-------
  Melee: Unarmed           ||    16
         Headbutt          ||     3
         Kick              ||     2
   Cast: Beastly Appendage ||     4
    Use: Potion            ||     1
 Armour: Robe              ||     3
  Dodge: Dodged            ||     9

Levels and vault maps discovered:
D:1:      spicycebolla_arrival_ecumenical, layout_loops_ring

Notes
Turn   | Place    | Note
-------+----------+-------------------------------------------
     0 | D:1      | kae the Demonspawn Transmuter began the quest for the Orb.
     0 | D:1      | Reached XP level 1. HP: 15/15 MP: 3/3
     0 | D:1      | magus.rc [v1.11.3]
    85 | D:1      | Reached skill level 2 in Transmutations
   122 | D:1      | Gained mutation: You are partially covered in large bone
                  | plates. (SH +4) [demonic ancestry]
   122 | D:1      | Reached XP level 2. HP: 6/21 MP: 3/5
   122 | D:1      | HP: 1/21 [goblin/+2 dagger of venom (5)]
   123 | D:1      | Succumbed to a goblin's poison

Vanquished Creatures
  A dart slug (D:1)
  A giant cockroach (D:1)
  2 goblins (D:1)
  2 kobolds (D:1)
6 creatures vanquished.

Table legend:
 A = Non-vault XP
 B = Vault XP
 C = Vault XP percentage of total XP
 D = Non-vault monster count
 E = Vault monster count
 F = Vault count percentage of total count
                 A         B        C        D         E       F
            +---------+---------+-------+---------+---------+-------
      Total |      13 |       0 |   0.0 |       6 |       0 |   0.0
            +---------+---------+-------+---------+---------+-------
        D:1 |      13 |       0 |   0.0 |       6 |       0 |   0.0
            +---------+---------+-------+---------+---------+-------

Illustrated notes

Table legend:
 A = Kills in this place as a percentage of kills in entire the game.
 B = Kills by you in this place as a percentage of kills by you in the entire game.
 C = Kills by friends in this place as a percentage of kills by friends in the entire game.
 D = Other kills in this place as a percentage of other kills in the entire game.
 E = Experience gained in this place as a percentage of experience gained in the entire game.
 F = Experience gained in this place divided by the number of levels of this place that you have seen.
                   A       B       C       D       E      F
               +-------+-------+-------+-------+-------+----------------------
         Total | 100.0 | 100.0 |   N/A |   N/A | 100.0 |  13.0
       Dungeon | 100.0 | 100.0 |   N/A |   N/A | 100.0 |  13.0
               +-------+-------+-------+-------+-------+----------------------

Table legend: (Time is in decaauts)
 A = Elapsed time spent in this place.
 B = Non-inter-level travel time spent in this place.
 C = Inter-level travel time spent in this place.
 D = Time resting spent in this place.
 E = Time spent auto-exploring this place.
 F = Levels seen in this place.
 G = Mean time per level.
                   A        B        C        D        E       F      G
               +--------+--------+--------+--------+--------+-----+--------+
         Total |    122 |    122 |      0 |      0 |     82 |   1 |  122.0 |
       Dungeon |    122 |    122 |      0 |      0 |     82 |   1 |  122.0 |
               +--------+--------+--------+--------+--------+-----+--------+

Top non-repeatable levels by time:
     D:1: 122 daAuts
